 Dungeon Crawl Stone Soup version 0.19-a0-645-gfd18b6f (webtiles) character file.

416 FitzyFitz the Slasher (level 6, -3/35 HPs)
             Began as a Tengu Gladiator on June 14, 2016.
             Slain by an ogre
             ... wielding a +0 giant club
              (17 damage)
             ... on level 4 of the Dungeon.
             The game lasted 00:07:27 (4238 turns).

FitzyFitz the Slasher (Tengu Gladiator)             Turns: 4238, Time: 00:07:27

Health: -3/35      AC:  5    Str: 19    XL:     6   Next: 92%
Magic:  7/7        EV: 14    Int:  8    God:
Gold:   157        SH:  3    Dex: 16    Spells: 0 memorised, 5 levels left

rFire  . . .     SeeInvis .     a - +0 long sword
rCold  . . .     Gourm    .     r - +0 leather armour
rNeg   . . .     Faith    .     p - +0 buckler
rPois  .         Spirit   .     c - +0 hat
rElec  .         Dismiss  .     (no cloak)
rCorr  .         Reflect  .     q - +1 pair of gloves {Str+3}
SustAt .         Harm     .     (boots unavailable)
MR     .....                    (no amulet)
Stlth  ++........               (no ring)
                                (no ring)

@: not resistant to hostile enchantments, unstealthy
A: beak, talons 3, able to fly 1
a: Fly


You were on level 4 of the Dungeon.
You were not hungry.

You visited 1 branch of the dungeon, and saw 4 of its levels.

You collected 157 gold pieces.

Inventory:

Hand Weapons
 a - a +0 long sword (weapon)
 b - a +0 hand crossbow
 i - a +2 dagger of holy wrath
 o - a +0 hunting sling
Missiles
 d - a throwing net (quivered)
 e - 22 sling bullets
 m - 24 poisoned needles
 n - 172 stones
 s - 100 arrows
Armour
 c - a +0 hat (worn)
 p - a +0 buckler (worn)
 q - a +1 pair of gloves of strength (worn)
 r - a +0 leather armour (worn)
Scrolls
 l - 2 scrolls of blinking {unknown}
 v - a scroll of amnesia {unknown}
 w - a scroll of noise {unknown}
 y - a scroll of immolation {unknown}
 z - a scroll of enchant weapon {unknown}
Potions
 k - a potion of agility
 t - a potion of haste
 u - 2 potions of curing
 x - a potion of heal wounds {unknown}
Comestibles
 f - 3 bread rations
 g - 2 chunks of flesh
 h - 2 fruits
 j - a royal jelly


   Skills:
 - Level 2.0 Fighting
 * Level 6.6 Long Blades
 - Level 2.0 Throwing
 + Level 5.1 Dodging
 + Level 2.5 Stealth


You had 5 spell levels left.
You didn't know any spells.

Dungeon Overview and Level Annotations

Branches:
Dungeon (4/15)
 Temple: D:4-7

Altars:
Ashenzari
Cheibriados
Dithmenos
Elyvilon
Vehumet

Annotations:
D:4 Menkaure


Innate Abilities, Weirdness & Mutations

You have a beak for a mouth.
You have claws for feet.
You can fly.


Message History

An ogre comes into view. It is wielding a giant club.
You barely miss the ogre. You peck the ogre, but do no damage.
The ogre hits you with a giant club!!
Ouch! That really hurt!
You hit the ogre. You claw the ogre. You peck the ogre.
The ogre is moderately wounded.
The ogre closely misses you.
Throwing (i - inventory. (,) - cycle):
d - 2 throwing nets (quivered)
Press: ? - help, Shift-Dir - straight line, f - ogre
Aim: an ogre, wielding a giant club (lightly wounded)
You throw a throwing net. The throwing net hits the ogre.
The ogre is caught in the net!
The ogre is lightly wounded.
The ogre struggles against the net.
The ogre struggles against the net. x2
The net rips apart, and the ogre comes free!
You hit the ogre. Your kick misses the ogre. You peck the ogre.
The ogre is heavily wounded.
The ogre hits you with a giant club!
You die...

#####.##.#.# #.
......##.#.# #.
########.#.# #.
##.#.# .##
#######....# ..#
...........####.#
#######.........#
#..#####..####
#>.#......@O.#
######..#.#######.#
##.........# #.#
...####..#.# #.#
...........# #.#
#######.##.# #.#
........# .# #.#
.######.# # #.# .#
#.# ..#


You could see an ogre.

Vanquished Creatures
  An ogre (D:4)
  A hound (D:3)
  2 orc priests
  An orc wizard (D:4)
  Natasha (D:3)
  A hound skeleton (D:4)
  3 gnolls
  7 adders
  3 giant geckos (D:1)
  10 orcs
  2 ball pythons
  7 giant cockroaches
  4 hobgoblins
  4 jackals (D:2)
  A quokka (D:3)
  6 bats
  2 giant gecko skeletons (D:4)
  6 giant newts
  10 goblins
  4 kobolds
  7 rats
83 creatures vanquished.

Notes
Turn   | Place    | Note
--------------------------------------------------------------
     0 | D:1      | FitzyFitz the Tengu Gladiator began the quest for the Orb.
     0 | D:1      | Reached XP level 1. HP: 12/12 MP: 2/2
   149 | D:1      | Reached XP level 2. HP: 8/17 MP: 3/3
   913 | D:1      | Reached skill level 4 in Long Blades
  1012 | D:2      | Reached XP level 3. HP: 21/21 MP: 4/4
  1278 | D:2      | Found a snail-covered altar of Cheibriados.
  1502 | D:2      | Reached XP level 4. HP: 18/26 MP: 5/5
  1878 | D:2      | Found a white marble altar of Elyvilon.
  2007 | D:3      | Found a radiant altar of Vehumet.
  2134 | D:3      | Found a shattered altar of Ashenzari.
  2354 | D:3      | Reached skill level 5 in Long Blades
  2360 | D:3      | Gained mutation: You can fly. [Tengu growth]
  2360 | D:3      | Reached XP level 5. HP: 12/30 MP: 6/6
  2722 | D:3      | Found a shadowy altar of Dithmenos.
  3251 | D:4      | Noticed Natasha
  3275 | D:3      | Killed Natasha
  3275 | D:3      | Reached skill level 1 in Stealth
  3485 | D:4      | Reached XP level 6. HP: 35/35 MP: 7/7
  3748 | D:4      | Reached skill level 6 in Long Blades
  3748 | D:4      | Reached skill level 5 in Dodging
  3953 | D:4      | Noticed Menkaure
  4238 | D:4      | Slain by an ogre

Vault maps used:
D:1:      lordsloth_arrival_two_stooges
D:2:      nicolae_overflow_hidden_temple, cheibriados_altar_1
D:3:      lemuel_doored_altar, vehumet_crystals, cheibrodos_ashenzari_chains
D:4:      first_bread, uniq_menkaure, uniq_natasha

Skill      XL: |  1  2  3  4  5  6 |
---------------+-------------------+-----
Long Blades    | 4 5 6 |  6.6
Dodging        | 4 5 |  5.1
Stealth        | 1 2 |  2.5
Fighting       | |  2.0
Throwing       | |  2.0

Action                   |  1- 3 |  4- 6 || total
-------------------------+-------+-------++-------
Melee: Long sword        |    84 |   117 ||   201
       Kick              |    15 |    35 ||    50
       Peck              |    11 |    17 ||    28
 Fire: Hunting sling     |       |    14 ||    14
Throw: Throwing net      |       |     3 ||     3
  Use: Potion            |     1 |     1 ||     2
       Scroll            |       |     4 ||     4
 Stab: Sleeping          |     1 |     2 ||     3
  Eat: Chunk             |     1 |    10 ||    11
Armor: Leather armour    |    20 |    20 ||    40
Dodge: Dodged            |    59 |    67 ||   126
Block: Buckler           |     6 |    17 ||    23
